 Dungeon Sprint DCSS version 0.28-a0-1510-gd0f6b136d3 (webtiles) character file.

Game seed: 13865054831353809840

88593 mhtbhm the End of an Era (level 15, -3/110 HPs)
             Began as a Gargoyle Fighter on Jan 15, 2022.
             Was the Champion of Qazlal.
             Killed from afar by a Brimstone Fiend (37 damage)
             ... with damnation
             ... in the Dungeon (Sprint VII: "The Pits").
             The game lasted 00:16:45 (8092 turns).

mhtbhm the End of an Era (Gargoyle Fighter)         Turns: 8092, Time: 00:16:45

Health: -3/110     AC: 44    Str: 32    XL:     15   Next: 94%
Magic:  31/31      EV: 14    Int: 10    God:    Qazlal [******]
Gold:   41         SH: 17    Dex:  9    Spells: 14/14 levels left

rFire   . . .      SeeInvis .   a - +3 war axe (vorpal)
rCold   . . .      Faith    .   c - +0 buckler
rNeg    + . .      Spirit   .   b - +5 plate armour
rPois   ∞          Reflect  .   (no helmet)
rElec   +          Harm     .   G - +2 cloak {Will+}
rCorr   .          Rampage  +   E - +2 pair of gloves {Stlth+}
Will    ++...      NoTele   +   F - +2 pair of boots {rampage}
Stlth   ..........              (no amulet)
HPRegen 0.28/turn               o - +3 ring of evasion
MPRegen 0.22/turn               A - +6 ring of strength

@: mighty, flying, repel missiles
A: sickness immunity, AC +11, big wings, negative energy resistance 1,
electricity resistance, torment resistance 1, petrification resistance
a: Renounce Religion, Upheaval, Elemental Force, Disaster Area


You were in the Dungeon.
You worshipped Qazlal.
Qazlal was exalted by your worship.
You visited 1 branch You collected 41 gold pieces.

Inventory:

Hand Weapons
 a - a +3 vorpal war axe (weapon)
 s - a +1 broad axe of freezing
Armour
 b - a +5 plate armour (worn)
 c - a +0 buckler (worn)
 E - a +2 pair of gloves of stealth (worn)
 F - a +2 pair of boots of rampaging (worn)
 G - a +2 cloak of willpower (worn)
Jewellery
 n - a +3 ring of protection
 o - a +3 ring of evasion (left hand)
 z - a ring of ice
 A - a +6 ring of strength (right hand)
 B - a ring of see invisible
Wands
 t - a wand of iceblast (9)
Scrolls
 j - 2 scrolls of blinking
 l - 5 scrolls of amnesia
 m - a scroll of summoning
 u - a scroll of identify
 v - a scroll of fear
 w - 3 scrolls of fog
Potions
 e - 7 potions of curing
 g - 2 potions of haste
 h - 2 potions of magic
 k - a potion of invisibility
 p - 4 potions of mutation
 D - a potion of cancellation
Miscellaneous
 q - a box of beasts (inert)


   Skills:
 + Level 18.8 Fighting
 * Level 22.9 Axes
 - Level 2.3(16.6) Maces & Flails
 + Level 16.1 Armour
 + Level 9.7 Dodging
 + Level 5.8 Stealth
 + Level 21.0 Shields
 * Level 25.7 Invocations
 + Level 0.4 Evocations


You had 14 spell levels left.
You didn't know any spells.
Your spell library contained the following spells:

 Spells                   Type           Power      Damage    Failure   Level
 Static Discharge         Conj/Air       0%         N/A       96%         2
 Dispel Undead            Necr           0%         3d6       100%        4
 Sticky Flame             Conj/Fire      0%         2d3       100%        4


Dungeon Overview and Level Annotations

Branches:
Dungeon (1/1)

Altars:
Ashenzari
Cheibriados
Dithmenos
Elyvilon
Fedhas
Gozag
Hepliaklqana
Kikubaaqudgha
Makhleb
Nemelex Xobeh
Okawaru
Qazlal
Ru
Sif Muna
Trog
Uskayaw
Vehumet
Wu Jian
Xom
Yredelemnul
Zin
The Shining One
Beogh
Jiyva
Lugonu


Innate Abilities, Weirdness & Mutations

You are immune to sickness and miasma.
Your stone body is resilient. (AC +11)
You are immune to poison.
Your large and strong wings let you fly.
You resist negative energy. (rN+)
You are resistant to electric shocks. (rElec)
You are resistant to unholy torment.
You are immune to petrification.


Message History

Unknown command.
You hit the Hell Sentinel but do no damage.
The Hell Sentinel is moderately wounded.
The hellephant blinks!
You slash the Hell Sentinel!
The Hell Sentinel is moderately wounded.
The Hell Sentinel hits you. You block the Hell Sentinel's attack.
You slice the Hell Sentinel!!
The Hell Sentinel is heavily wounded.
The Hell Sentinel hits you but does no damage. x2
You hit the Hell Sentinel but do no damage.
The Hell Sentinel is heavily wounded.
You hit the Hell Sentinel.
The Hell Sentinel is severely wounded.
You block the Hell Sentinel's attack. The Hell Sentinel hits you!
You slash the Hell Sentinel!
The Hell Sentinel is severely wounded.
You block the Hell Sentinel's attack. The Hell Sentinel hits you.
You slice the Hell Sentinel!!
The Hell Sentinel is almost dead.
The Hell Sentinel gestures at you. You block the iron shot.
You slash the Hell Sentinel!
You kill the Hell Sentinel!
Qazlal accepts your kill.
Your Armour skill increases to level 16!
Your Shields skill increases to level 21!
A Brimstone Fiend comes into view.
The Brimstone Fiend roars!
The hellion misses you.
The hellephant blinks!
The hellion hits you but does no damage.
There is an open door, spattered with blood here.
Things that are here:
+0 shadow dragon scales; a shadow dragon corpse You closely miss the hellion.
You hit the Brimstone Fiend but do no damage.
You block the hellion's attack. The Brimstone Fiend gestures at you.
The sphere of damnation explodes!
The damnation engulfs you!!!
You die...

,,************************+*
,,* *** #######*## *+*
,,******,**##†#'..##.### *,*
,,**,+,**+*#.#.##..'##.# *+*
,,*****+**,#####'#..#'###*,*
,***,*,*,**+**,#.##.Y##.##+#
** **+***+*,,+####'#..'###.#
* *,*,*,*,**,#.#.###..###'#
**+****#..###@##.##..##.#
**,**,*,*#..12###'#..##'# **
*,,,**+#..#####.##).###.#
,****,**,*+**+,#.##'.)## #[#
,,***+****,*,*###'#.)'## #.#
,,**,,,,,***###.##.)##.###)#
,,**,,,,,,**#.##'..#'##'##.##
,***,,,,,,,**#'#..'##.#.#...#
** *,,,,,,,,**#..##.###''...#


You could see a hellephant, a Brimstone Fiend and a hellion.

Vanquished Creatures
  A pandemonium lord (D)
  An ancient lich (D)
  A royal mummy (D)
  A golden dragon (D)
  Jory (D)
  A pearl dragon (D)
  An electric golem (D)
  A Brimstone Fiend (D)
  2 Tzitzimimeh (D)
  2 Ice Fiends (D)
  A Hell Sentinel (D)
  4 titans (D)
  A deep elf blademaster (D)
  A deep elf master archer (D)
  An acid blob (D)
  Frances (D)
  A shadow dragon (D)
  A storm dragon (D)
  A draconian monk (D)
  2 orc warlords (D)
  2 frost giants (D)
  A draconian shifter (D)
  A reaper (D)
  A war gargoyle (D)
  A red draconian (D)
  A deep elf demonologist (D)
  An eidolon (D)
  An ettin (D)
  A deep elf death mage (D)
  A mummy priest (D)
  A great orb of eyes (D)
  2 yaktaur captains (D)
  2 naga warriors (D)
  3 vault guards (D)
  A hydra (D)
  A boulder beetle (D)
  A catoblepas (D)
  A merfolk avatar (D)
  A two-headed ogre (D)
  An alligator (D)
  An alligator snapping turtle (D)
  A deep troll shaman (D)
  3 death yaks (D)
  A sun demon (D)
  A deep elf knight (D)
  A fire crab (D)
  A salamander mystic (D)
  A sea snake (D)
  A cherub (D)
  A flayed ghost (D)
  A bog body (D)
  5 deep trolls (D)
  Pikel (D)
  4 deep elf zephyrmancers (D)
  A large abomination (D)
  15 orc knights (D)
  A moth of wrath (D)
  2 black mambas (D)
  A salamander (shapeshifter) (D)
  Maurice (D)
  2 smoke demons (D)
  An unseen horror (D)
  2 cane toads (D)
  A molten gargoyle (D)
  A naga mage (D)
  A kobold demonologist (D)
  4 yaktaurs (D)
  An ice devil (D)
  A freezing wraith (D)
  3 trolls (D)
  A wandering mushroom (D)
  A tarantella (D)
  Grinder (D)
  A hornet (D)
  4 slime creatures (D)
  6 dream sheep (D)
  A snapping turtle (D)
  4 blink frogs (D)
  2 spriggans (D)
  2 jumping spiders (D)
  A flying skull (D)
  Sigmund (D)
  A ynoxinul (D)
  3 yaks (D)
  A basilisk (D)
  A fire bat (D)
  3 vampire mosquitoes (D)
  A steam dragon (D)
  A warg (D)
  A naga (D)
  An acid dragon (D)
  2 floating eyes (D)
  A water moccasin (D)
  An ice beast (D)
  4 orc warriors (D)
  A black bear (D)
  An ogre (D)
  A wolf (D)
  An earth elemental (D)
  A scorpion (D)
  A crimson imp (D)
  A hound (D)
  An iron imp (D)
  2 orc priests (D)
  A jelly (D)
  An iguana (D)
  2 hell rats (D)
  4 orc wizards (D)
  A river rat (D)
  A white imp (D)
  An ufetubus (D)
  An adder zombie (D)
  A worm (D)
  An adder simulacrum (D)
  3 orcs (D)
  A bat zombie (D)
  A giant cockroach (D)
  6 jackals (D)
  2 quokkas (D)
  A ball python (D)
  A ball python skeleton (D)
  3 bats (D)
  A frilled lizard (D)
  A giant cockroach zombie (D)
  A kobold (D)
203 creatures vanquished.

Vanquished Creatures (collateral kills)
  the Lernaean hydra (D)
1 creature vanquished.

Vanquished Creatures (others)
  An unseen horror (D)
  An acid dragon (D)
  An orc (D)
3 creatures vanquished.

Grand Total: 207 creatures vanquished

Notes
Turn   | Place    | Note
-------+----------+-------------------------------------------
     0 | D        | mhtbhm the Gargoyle Fighter began the quest for the Orb.
     0 | D        | Reached XP level 1. HP: 14/14 MP: 1/1
    25 | D        | Found a bloodstained altar of Trog.
    25 | D        | Found a shimmering blue altar of Sif Muna.
    25 | D        | Found a viscous altar of Jiyva.
    25 | D        | Found a hazy altar of Hepliaklqana.
    25 | D        | Found an opulent altar of Gozag.
    26 | D        | Found a glowing golden altar of the Shining One.
    26 | D        | Found a glowing silver altar of Zin.
    26 | D        | Found a basalt altar of Yredelemnul.
    26 | D        | Found a shimmering altar of Xom.
    26 | D        | Found an ornate altar of the Wu Jian Council.
    26 | D        | Found a sacrificial altar of Ru.
    26 | D        | Found a stormy altar of Qazlal.
    26 | D        | Found an iron altar of Okawaru.
    26 | D        | Found a sparkling altar of Nemelex Xobeh.
    26 | D        | Found a burning altar of Makhleb.
    26 | D        | Found a blossoming altar of Fedhas.
    26 | D        | Found a white marble altar of Elyvilon.
    26 | D        | Found a shadowy altar of Dithmenos.
    26 | D        | Found a snail-covered altar of Cheibriados.
    29 | D        | Found a corrupted altar of Lugonu.
    29 | D        | Found a radiant altar of Vehumet.
    30 | D        | Found an ancient bone altar of Kikubaaqudgha.
    30 | D        | Found a hide-covered altar of Uskayaw.
    30 | D        | Found a broken altar of Ashenzari.
    33 | D        | Became a worshipper of Qazlal Stormbringer
    86 | D        | Reached XP level 2. HP: 19/20 MP: 2/2
   112 | D        | Reached * piety under Qazlal
   126 | D        | Noticed a floating eye
   128 | D        | Paralysed by a floating eye for 3 turns
   132 | D        | Killed a floating eye
   132 | D        | Reached ** piety under Qazlal
   133 | D        | Reached skill level 5 in Shields
   133 | D        | Reached skill level 3 in Invocations
   133 | D        | Reached XP level 3. HP: 22/27 MP: 2/5
   133 | D        | Reached XP level 4. HP: 27/32 MP: 2/6
   133 | D        | Reached XP level 5. HP: 30/36 MP: 2/7
   211 | D        | Noticed Pikel
   211 | D        | Noticed a lemure
   211 | D        | Noticed an ice beast
   214 | D        | Noticed a lemure
   216 | D        | Noticed a lemure
   219 | D        | Noticed a lemure
   231 | D        | Reached skill level 1 in Dodging
   231 | D        | Reached skill level 4 in Invocations
   231 | D        | Killed an ice beast
   231 | D        | Reached *** piety under Qazlal
   232 | D        | Reached skill level 5 in Invocations
   232 | D        | Reached XP level 6. HP: 31/42 MP: 7/9
   235 | D        | Reached skill level 5 in Axes
   272 | D        | Killed Pikel
   273 | D        | Reached skill level 7 in Invocations
   273 | D        | Reached XP level 7. HP: 38/50 MP: 9/12
   281 | D        | Reached **** piety under Qazlal
   317 | D        | Reached XP level 8. HP: 41/55 MP: 13/13
   318 | D        | Reached ***** piety under Qazlal
   407 | D        | Noticed a kobold demonologist
   421 | D        | Killed a kobold demonologist
   443 | D        | Noticed Grinder
   451 | D        | Reached skill level 10 in Axes
   460 | D        | Killed Grinder
   461 | D        | Reached skill level 8 in Invocations
   531 | D        | Noticed a dream sheep
   531 | D        | Noticed a dream sheep
   531 | D        | Noticed a dream sheep
   531 | D        | Noticed a dream sheep
   531 | D        | Noticed a dream sheep
   531 | D        | Noticed a dream sheep
   537 | D        | Killed a dream sheep
   538 | D        | Reached XP level 9. HP: 53/60 MP: 15/15
   548 | D        | Reached ****** piety under Qazlal
   556 | D        | Reached skill level 9 in Invocations
   693 | D        | Noticed a deep troll
   695 | D        | Noticed a death yak
   712 | D        | Killed a deep troll
   714 | D        | Killed a death yak
   715 | D        | Reached skill level 10 in Fighting
   715 | D        | Reached skill level 10 in Shields
   715 | D        | Reached XP level 10. HP: 53/68 MP: 15/17
   797 | D        | Noticed a merfolk avatar
   814 | D        | Reached skill level 10 in Invocations
   822 | D        | Killed a merfolk avatar
   823 | D        | Reached skill level 10 in Armour
   932 | D        | Reached skill level 15 in Axes
  1054 | D        | Noticed a great orb of eyes
  1055 | D        | Paralysed by a great orb of eyes for 2 turns
  1056 | D        | Noticed a black mamba
  1060 | D        | Paralysed by a great orb of eyes for 2 turns
  1068 | D        | Killed a black mamba
  1068 | D        | Killed a great orb of eyes
  1069 | D        | Reached skill level 1 in Stealth
  1069 | D        | Reached skill level 11 in Invocations
  1185 | D        | Reached XP level 11. HP: 73/73 MP: 19/19
  1193 | D        | Noticed an alligator
  1214 | D        | Killed an alligator
  1413 | D        | Noticed Sigmund
  1435 | D        | Killed Sigmund
  1486 | D        | Noticed a deep elf zephyrmancer
  1499 | D        | Killed a deep elf zephyrmancer
  1532 | D        | Noticed a death yak
  1558 | D        | Killed a death yak
  1633 | D        | Noticed a two-headed ogre
  1644 | D        | Killed a two-headed ogre
  1645 | D        | Reached skill level 12 in Invocations
  1729 | D        | Noticed a flayed ghost
  1754 | D        | Killed a flayed ghost
  1769 | D        | Noticed a deep elf zephyrmancer
  1777 | D        | Killed a deep elf zephyrmancer
  1794 | D        | Noticed a deep troll
  1810 | D        | Killed a deep troll
  2092 | D        | Noticed Maurice
  2093 | D        | Noticed a deep elf zephyrmancer
  2093 | D        | Noticed an orc knight
  2095 | D        | Reached skill level 5 in Dodging
  2095 | D        | Reached XP level 12. HP: 84/84 MP: 12/21
  2104 | D        | Reached skill level 13 in Invocations
  2104 | D        | Killed Maurice
  2390 | D        | Noticed a six-headed hydra
  2390 | D        | Noticed a deep elf master archer
  2390 | D        | Noticed a deep elf demonologist
  2391 | D        | Noticed a soul eater
  2391 | D        | Killed a deep elf demonologist
  2391 | D        | Killed a six-headed hydra
  2392 | D        | Reached skill level 14 in Invocations
  2396 | D        | Killed a deep elf master archer
  2397 | D        | Reached skill level 15 in Invocations
  2559 | D        | Noticed an orc warlord
  2559 | D        | Noticed an orc warlord
  2559 | D        | Noticed a vault guard
  2559 | D        | Noticed a vault guard
  2560 | D        | Noticed a yaktaur captain
  2561 | D        | Noticed a death yak
  2561 | D        | Noticed an ettin
  2562 | D        | Noticed a naga warrior
  2563 | D        | Noticed a deep troll shaman
  2564 | D        | Killed a yaktaur captain
  2564 | D        | Killed a vault guard
  2565 | D        | Reached skill level 15 in Shields
  2565 | D        | Reached skill level 17 in Invocations
  2565 | D        | Reached XP level 13. HP: 17/91 MP: 7/25
  2567 | D        | Killed a vault guard
  2567 | D        | Killed an orc warlord
  2567 | D        | Killed an orc warlord
  2567 | D        | Killed an ettin
  2568 | D        | Reached skill level 19 in Invocations
  2569 | D        | Noticed a vault guard
  2575 | D        | Noticed Frances
  2582 | D        | Killed Frances
  2582 | D        | Killed a vault guard
  2583 | D        | Reached skill level 20 in Invocations
  2591 | D        | Killed a naga warrior
  2874 | D        | Noticed a naga warrior
  2900 | D        | Killed a naga warrior
  3054 | D        | Noticed a golden dragon
  3067 | D        | Killed a golden dragon
  3068 | D        | Reached skill level 15 in Fighting
  3068 | D        | Reached skill level 21 in Invocations
  3068 | D        | Gained mutation: Your large and strong wings let you fly.
                  | [Gargoyle growth]
  3068 | D        | Reached XP level 14. HP: 44/98 MP: 28/28
  3406 | D        | Identified the +8 falchion "Bicaz" {spect, *Slow rF+ rN+
                  | Str+5}
  3407 | D        | Noticed a red draconian
  3418 | D        | Killed a red draconian
  3419 | D        | Reached skill level 5 in Stealth
  4296 | D        | Noticed a purple draconian shifter
  4327 | D        | Killed a purple draconian shifter
  4435 | D        | Noticed an acid blob
  4444 | D        | Killed an acid blob
  4445 | D        | Reached skill level 22 in Invocations
  4585 | D        | Noticed a frost giant
  4591 | D        | Killed a frost giant
  4695 | D        | Noticed a titan
  4705 | D        | Killed a titan
  4847 | D        | Noticed a reaper
  4847 | D        | Noticed an Ice Fiend
  4847 | D        | Noticed a pearl dragon
  4848 | D        | Killed an Ice Fiend
  4848 | D        | Killed a pearl dragon
  4848 | D        | Killed a reaper
  4869 | D        | Noticed a Tzitzimitl
  4886 | D        | Killed a Tzitzimitl
  4887 | D        | Reached skill level 23 in Invocations
  5027 | D        | Noticed a green draconian monk
  5044 | D        | Killed a green draconian monk
  5123 | D        | Noticed an Ice Fiend
  5146 | D        | Killed an Ice Fiend
  5147 | D        | Reached XP level 15. HP: 49/107 MP: 7/30
  5381 | D        | Noticed a Tzitzimitl
  5403 | D        | Killed a Tzitzimitl
  5634 | D        | Noticed a titan
  5634 | D        | Noticed a deep elf blademaster
  5650 | D        | Killed a titan
  5651 | D        | Killed a deep elf blademaster
  5882 | D        | Noticed a royal mummy
  5887 | D        | Noticed a frost giant
  5897 | D        | Killed a royal mummy
  5898 | D        | Reached skill level 24 in Invocations
  5899 | D        | HP: 7/162 [frost giant (4)]
  5900 | D        | Killed a frost giant
  6263 | D        | Noticed a titan
  6268 | D        | Killed a titan
  6310 | D        | Noticed Jory
  6336 | D        | Killed Jory
  6457 | D        | Noticed a titan
  6466 | D        | Killed a titan
  6556 | D        | Noticed the 27-headed Lernaean hydra
  6568 | D        | Killed the 27-headed Lernaean hydra
  6826 | D        | Noticed an ancient lich
  6845 | D        | Killed an ancient lich
  6846 | D        | Reached skill level 15 in Armour
  7107 | D        | Noticed Nuluamot the pandemonium lord
  7224 | D        | Killed Nuluamot the pandemonium lord
  7225 | D        | Reached skill level 25 in Invocations
  7599 | D        | Noticed an electric golem
  7622 | D        | Killed an electric golem
  7823 | D        | Noticed a Brimstone Fiend
  7835 | D        | Killed a Brimstone Fiend
  7986 | D        | Noticed a storm dragon
  7998 | D        | Killed a storm dragon
  8048 | D        | Noticed a shadow dragon
  8067 | D        | Killed a shadow dragon
  8069 | D        | Noticed a hellephant
  8073 | D        | Noticed a Hell Sentinel
  8090 | D        | Killed a Hell Sentinel
  8091 | D        | Noticed a Brimstone Fiend
  8092 | D        | Killed from afar by a Brimstone Fiend

Illustrated notes

Levels and vault maps discovered:
D:        pitsprint [storerooms_1, entrance_room_1, metal_vault_5, armoury_3,
          mini_pit_1, grid_room_1, main_hall_1, silver_pit, the_coven_3,
          the_vestibule_1, steel_vault_1, golden_pit, hallway_of_sentries,
          crystal_vault_3, iron_vault_5, final_vault]

Skill      XL: |  1  2  3  4  5  6  7  8  9 10 11 12 13 14 15 |
---------------+----------------------------------------------+-----
Armour         | 4 6 8 9 10 11 13 16 | 16.1
Fighting       | 4 6 8 9 10 13 14 15 17 18 | 18.8
Axes           | 2 4 8 11 13 15 17 18 19 21 22 | 22.9
Shields        | 5 6 7 8 10 11 13 15 16 18 21 | 21.0
Invocations    | 3 5 7 8 9 11 12 17 21 23 25 | 25.7
Dodging        | 1 2 5 7 8 9 |  9.7
Stealth        | 1 2 3 4 5 |  5.8
Maces & Flails | |  2.3
Evocations     | |  0.4

Action                   |  1- 3 |  4- 6 |  7- 9 | 10-12 | 13-15 || total
-------------------------+-------+-------+-------+-------+-------++-------
Melee: Flail             |     8 |       |       |       |       ||     8
       Hand axe          |    11 |    47 |   124 |   255 |       ||   437
       War axe           |       |       |       |       |   506 ||   506
Invok: Disaster Area     |       |       |       |     7 |     9 ||    16
       Upheaval          |       |       |       |     1 |     1 ||     2
       Elemental Force   |       |       |       |       |     6 ||     6
Evoke: Wand              |       |       |       |       |     1 ||     1
       Box of beasts     |       |       |       |       |     2 ||     2
  Use: Potion            |       |     3 |     1 |     4 |    24 ||    32
       Scroll            |       |       |       |       |     5 ||     5
 Stab: Invisible         |       |       |       |       |     1 ||     1
       Distracted        |       |       |       |       |     1 ||     1
Armor: Scale mail        |    13 |       |       |       |       ||    13
       Chain mail        |       |    28 |    32 |       |       ||    60
       Ring mail         |       |       |    11 |    79 |    13 ||   103
       Plate armour      |       |       |       |       |   291 ||   291
Dodge: Dodged            |     9 |    11 |    24 |    73 |   158 ||   275
       Repelled          |       |       |     1 |     3 |     7 ||    11
Block: Buckler           |     4 |    10 |    49 |   116 |   271 ||   450

Table legend: (Time is in decaauts)
 A = Elapsed time spent in this place.
 B = Non-inter-level travel time spent in this place.
 C = Inter-level travel time spent in this place.
 D = Time resting spent in this place.
 E = Time spent auto-exploring this place.
 F = Levels seen in this place.
 G = Mean time per level.
                   A        B        C        D        E       F      G
               +--------+--------+--------+--------+--------+-----+--------+
         Total |   7851 |   7851 |      0 |   5274 |     42 |   1 | 7851.0 |
       Dungeon |   7851 |   7851 |      0 |   5274 |     42 |   1 | 7851.0 |
               +--------+--------+--------+--------+--------+-----+--------+

Top non-repeatable levels by time:
       D: 7851 daAuts
